Map: Dusk Towers

Players

LiquidMaNa (MaNa)

  • Race: Protoss Protoss
  • League: Grandmaster

Harstem - Winner!

  • Race: Protoss Protoss
  • League: Grandmaster

Event: 2016 WCS Winter Challenger Europe

VOD

Have the link to the VOD?

Description

Time

  • Played on: Feb. 13, 2016, 10:45 a.m.
  • Length: 5:50

All games in this series

Show
View Real Time Build Order
Export as new Build Order

LiquidMaNa Protoss 

Build Orders:  

Get SALT Encoding   

  12  0:00  Probe (Chrono Boost)  
  13  0:11  Probe (Chrono Boost)  
  14  0:18  Pylon  
  14  0:22  Probe (Chrono Boost)  
  15  0:36  Probe (Chrono Boost), Gateway  
  16  0:45  Assimilator  
  16  0:47  Probe (Chrono Boost)  
  17  0:57  Probe (Chrono Boost)  
  18  1:04  Assimilator  
  18  1:08  Probe (Chrono Boost)  
  19  1:15  Gateway  
  20  1:18  Probe (Chrono Boost)  
  20  1:25  Cybernetics Core  
  20  1:28  Assimilator  
  20  1:31  Probe (Chrono Boost)  
  21  1:41  Pylon  
  21  1:45  Probe (Chrono Boost)  
  22  1:55  Probe (Chrono Boost)  
  22  1:57  Pylon  
  23  2:02  Warp Gate (Chrono Boost)  
  23  2:06  Probe  
  24  2:10  Stalker  
  26  2:24  Robotics Facility  
  29  2:37  Stalker (Chrono Boost)  
  29  2:48  Probe  
  29  2:50  Stalker (Chrono Boost)  
  31  2:57  Gateway  
  31  3:00  Pylon  
  30  3:17  Immortal (Chrono Boost)  
  34  3:26  Gateway  
  34  3:51  Warp Prism (Chrono Boost)  
  36  3:56  Adept  
  36  3:57  Adept x2  
  42  4:04  Pylon  
  42  4:35  Adept x4  
  38  4:49  Immortal (Chrono Boost)  
  42  4:56  Sentry x2  
  42  4:57  Sentry x2  
  50  5:21  Zealot x2  
  50  5:24  Pylon  
  48  5:44  Stalker x3  
Show
View Real Time Build Order
Export as new Build Order

Harstem Protoss - Winner!

Build Orders: Nexus First 

Get SALT Encoding   

  12  0:01  Probe (Chrono Boost)  
  13  0:11  Probe (Chrono Boost)  
  14  0:21  Pylon  
  14  0:23  Probe (Chrono Boost)  
  15  0:39  Probe (Chrono Boost)  
  16  0:49  Probe (Chrono Boost)  
  17  1:00  Nexus  
  17  1:09  Gateway  
  17  1:13  Probe (Chrono Boost)  
  18  1:21  Assimilator  
  18  1:23  Probe (Chrono Boost)  
  19  1:34  Probe (Chrono Boost)  
  19  1:36  Gateway  
  20  1:44  Probe (Chrono Boost)  
  20  1:45  Assimilator  
  21  1:55  Probe (Chrono Boost)  
  21  1:59  Cybernetics Core  
  22  2:05  Probe (Chrono Boost)  
  23  2:15  Probe (Chrono Boost)  
  24  2:22  Probe (Chrono Boost)  
  25  2:25  Probe (Chrono Boost)  
  26  2:33  Probe (Chrono Boost)  
  26  2:36  Probe (Chrono Boost), Stalker x2 (Chrono Boost)  
  32  2:37  Warp Gate (Chrono Boost)  
  32  2:44  Probe  
  33  2:47  Probe  
  33  2:56  Mothership Core  
  33  2:58  Pylon  
  35  2:59  Probe  
  35  3:03  Stalker (Chrono Boost)  
  38  3:14  Pylon  
  38  3:16  Probe  
  38  3:17  Probe  
  38  3:18  Stalker (Chrono Boost)  
  42  3:29  Probe  
  42  3:30  Robotics Facility  
  42  3:31  Probe  
  44  3:36  Adept (Chrono Boost)  
  44  3:37  Assimilator  
  46  3:50  Probe x2  
  46  3:51  Gateway  
  48  3:56  Pylon, Sentry (Chrono Boost)  
  48  4:02  Probe  
  51  4:06  Pylon  
  49  4:18  Immortal (Chrono Boost)  
  49  4:19  Gateway  
  49  4:20  Pylon  
  52  4:35  Adept  
  52  4:36  Adept  
  47  4:44  Probe  
  43  4:54  Immortal (Chrono Boost)  
  46  5:04  Sentry  
  46  5:06  Stalker  
  50  5:14  Probe x2  
  52  5:26  Probe x2  
  59  5:46  Adept  
Tags
 
Add a new tag
Caveats
  • Supply blocks, unpowered buildings, or Contaminate may cause inaccurate times.
  • Supply counts are checked every 10 seconds.